 Dungeon Crawl Stone Soup version 0.29.1-1-gd02db6906a (console) character file.

Game seed: 8430949143391245116

259501 om the Acrobat (level 19, -2/214 HPs)
             Began as a Merfolk Berserker on Oct 4, 2022.
             Was the Champion of Trog.
             Splashed with acid (3 damage)
             ... on level 4 of the Pits of Slime on Oct 6, 2022.
             The game lasted 01:58:12 (45397 turns).

om the Acrobat (Merfolk Berserker)                 Turns: 45397, Time: 01:58:12

Health: -2/214     AC: 32    Str: 25    XL:     19   Next: 90%
Magic:  0/17       EV: 34    Int: 10    God:    Trog [******]
Gold:   2593       SH:  0    Dex: 14    Spells: 18/18 levels left

rFire   + + +      SeeInvis +   a - +5 glaive {elec, spectral, AC+5}
rCold   + + +      Faith    .   (shield currently unavailable)
rNeg    + . .      Spirit   .   m - +7 chain mail of the Apple {Contam +Inv Str+2 SInv}
rPois   +          Reflect  .   W - +2 helmet of Distant Shores {rPois rF+ Str+3}
rElec   .          Harm     .   r - scarf {rC+ rF+}
rCorr   +          Rampage  .   q - +1 pair of gloves
Will    ++...      Rage     3%  V - +1 pair of boots of Minor Irritation {rF++ rC+ Str-4}
Stlth   ..........              A - amulet of Igierar {Acrobat rN+ Will+ SInv Stlth+}
HPRegen 0.45/turn               C - ring of resist corrosion
MPRegen 0.15/turn               e - ring of Uqevisul {rC+ Int+3}

@: berserking (expiring), acrobatic, very quick
A: (nimble swimmer 2), mertail, berserk 1, low MP 1
}: 2/15 runes: barnacled, gossamer
a: Renounce Religion, Evoke Invisibility, Berserk, Trog's Hand, Brothers in Arms


You were on level 4 of the Pits of Slime.
You worshipped Trog.
Trog was exalted by your worship.
You visited 7 branches of the dungeon, and saw 36 of its levels.
You also visited: Bailey, Gauntlet and Ice Cave.

You collected 3562 gold pieces.
You spent 969 gold pieces at shops.

Inventory:

Hand Weapons
 a - the +5 glaive of the Guard (weapon) {elec, spectral, AC+5}
   (You found it on level 7 of the Dungeon)

   It occasionally discharges a powerful burst of electricity upon striking a
   foe.
   When it strikes, its spirit leaps out and fights alongside the wielder.
   AC:        It affects your AC (+5).
 b - the +10 arbalest of Tenacity {venom, rPois rC- rCorr Int+4}
   (You found it on level 3 of the Spider Nest)

   Any ammunition fired from it poisons the flesh of those it strikes.
   Int:       It affects your intelligence (+4).
   rC:        It makes you vulnerable to cold.
   rPois:     It protects you from poison.
   rCorr:     It protects you from acid and corrosion.
 x - a +4 demon trident of flaming
 H - the +1 quarterstaff of the Inferno {vamp, rN++ Dex-3}
   (You took it off an orc warrior in a bailey)

   It occasionally heals its wielder for a portion of the damage dealt when it
   wounds a living foe.
   Dex:       It affects your dexterity (-3).
   rN:        It greatly protects you from negative energy.
 J - the +8 whip "Snakebite" {venom, curare, rPois}
   (You took it off Amaemon on level 11 of the Dungeon)

   It poisons the flesh of those it strikes.
   It occasionally inflicts asphyxiating poison on those it strikes, dealing
   poison damage and causing slowness.
   rPois:     It protects you from poison.
 X - the +5 hand axe "Veewk" {freeze, *Rage rCorr Int+2 Stlth+}
   (You found it in a Gauntlet)

   It freezes those it strikes, dealing additional cold damage.
   It can also slow down cold-blooded creatures.
   Int:       It affects your intelligence (+2).
   *Rage:     It berserks you when you make melee attacks (+20% chance).
   rCorr:     It protects you from acid and corrosion.
   Stlth:     It makes you more stealthy.
 Z - the +6 halberd of Youthful Indiscretion {antimagic, rF+ rC+}
   (Trog gifted it to you on level 12 of the Dungeon)

   It reduces the magical energy of the wielder, and disrupts the spells and
   magical abilities of those it strikes.
   Natural abilities and divine invocations are not affected.
   rF:        It protects you from fire.
   rC:        It protects you from cold.
Missiles
 d - 9 throwing nets (quivered)
Armour
 m - the +7 chain mail of the Apple (worn) {Contam +Inv Str+2 SInv}
   (You found it on level 1 of the Lair of Beasts)

   Str:       It affects your strength (+2).
   SInv:      It lets you see invisible.
   +Inv:      It lets you turn invisible.
   Contam:    It causes magical contamination when unequipped.
 q - a +1 pair of gloves (worn)
 r - a scarf of resistance (worn)
 V - the +1 pair of boots of Minor Irritation (worn) {rF++ rC+ Str-4}
   (You found it in a Gauntlet)

   Str:       It affects your strength (-4).
   rF:        It greatly protects you from fire.
   rC:        It protects you from cold.
 W - the +2 helmet of Distant Shores (worn) {rPois rF+ Str+3}
   (You found it in a Gauntlet)

   Str:       It affects your strength (+3).
   rF:        It protects you from fire.
   rPois:     It protects you from poison.
Jewellery
 e - the ring of Uqevisul (right hand) {rC+ Int+3}
   (You found it in an ice cave)

   [ring of protection from cold]

   Int:       It affects your intelligence (+3).
   rC:        It protects you from cold.
 l - a +6 ring of dexterity
 A - the amulet of Igierar (around neck) {Acrobat rN+ Will+ SInv Stlth+}
   (You acquired it on level 10 of the Dungeon)

   [amulet of the acrobat]

   It increases your evasion while moving and waiting.
   rN:        It protects you from negative energy.
   SInv:      It lets you see invisible.
   Will:      It increases your willpower.
   Stlth:     It makes you more stealthy.
 C - a ring of resist corrosion (left hand)
 N - a ring of protection from fire
 U - a ring of see invisible
 Y - a ring of willpower
Wands
 k - a wand of flame (42)
 w - a wand of digging (13)
 y - a wand of iceblast (14)
 z - a wand of charming (24)
 B - a wand of quicksilver (22)
 O - a wand of polymorph (11)
Scrolls
 h - 24 scrolls of teleportation
 o - a scroll of acquirement
 t - 8 scrolls of poison
 u - 3 scrolls of silence
 v - 2 scrolls of enchant armour
 D - a scroll of torment
 G - a scroll of magic mapping
 K - 6 scrolls of enchant weapon
 P - a scroll of summoning
 Q - 6 scrolls of fog
 S - 3 scrolls of fear
Potions
 c - 4 potions of lignification
 f - 7 potions of curing
 g - 12 potions of haste
 i - 8 potions of ambrosia
 j - a potion of heal wounds
 p - 5 potions of might
 s - 7 potions of attraction
 F - 3 potions of berserk rage
 I - 3 potions of invisibility
 L - 4 potions of flight
 M - 2 potions of magic
 T - 3 potions of cancellation
Miscellaneous
 E - a box of beasts
 R - a phantom mirror


   Skills:
 - Level 11.0 Fighting
 - Level 22.9 Polearms
 * Level 7.2 Ranged Weapons
 + Level 11.3 Armour
 + Level 26.0 Dodging
 - Level 12.4 Stealth
 - Level 15.0 Evocations


You had 18 spell levels left.
You didn't know any spells.
Your spell library was empty.

Dungeon Overview and Level Annotations

Branches:
Dungeon (15/15)            Temple (0/1) D:6            Lair (5/5) D:9
 Shoals (4/4) Lair:2       Spider (4/4) Lair:3        Slime (5/5) Lair:5
    Orc (2/2) D:12            Elf (0/3) Orc:2        Vaults (0/5) D:14
 Depths (1/4) D:15         Bailey (visited)           IceCv (visited)
Gauntlet (visited)

Altars:
Cheibriados
Gozag
Kikubaaqudgha
Okawaru
Qazlal
Ru
Trog
Uskayaw
Vehumet
Wu Jian
Xom
Yredelemnul
Zin
The Shining One
Jiyva

Shops:
D:3 (   Orc:2 (=[   Shoals:3 ?

Portals:
Hell: Depths:1
Abyss: Depths:1

Annotations:
Lair:4 2 transporters, Kyusiynim's ghost, journeyman GnEn
Slime:5 Royal Jelly
Depths:1 1 runed translucent door


Innate Abilities, Weirdness & Mutations

((You are very nimble when in or above water. (Stealth+, EV+, Speed+++)))
Your lower body shifts to a powerful aquatic tail in water.
You sometimes lose your temper in combat.
Your magical capacity is low. (-10% MP)


Message History

Your +5 glaive of the Guard {elec, spectral, AC+5} fades away.
The quicksilver ooze barely misses you.
The quicksilver ooze hits you but does no damage.
The rockslime hits you!!
* * * LOW HITPOINT WARNING * * *
You hold your ground!
The rockslime hits you but does no damage.
You hit the rockslime.
The rockslime is almost dead.
Your +5 glaive of the Guard {elec, spectral, AC+5} hits the rockslime from afar.
You kill the rockslime!
That felt strangely unrewarding.
The quicksilver ooze hits you!
* * * LOW HITPOINT WARNING * * *
The quicksilver ooze misses you.
You cut the acid blob into ribbons!!!
Your hands burn!
* * * LOW HITPOINT WARNING * * *
The acid blob is heavily wounded.
Your +5 glaive of the Guard {elec, spectral, AC+5} hits the acid blob from afar!!
The quicksilver ooze completely misses you.
The quicksilver ooze hits you but does no damage.
The rockslime hits you!!
* * * LOW HITPOINT WARNING * * *
You stumble backwards!
The wall burns your +5 glaive of the Guard {elec, spectral, AC+5}!
The rockslime barely misses you.
You slash the rockslime!
The rockslime is moderately wounded.
Your +5 glaive of the Guard {elec, spectral, AC+5} hits the rockslime from afar.
You are splashed with acid!
* * * LOW HITPOINT WARNING * * *
The ooze engulfing you falls away.
The wall burns your +5 glaive of the Guard {elec, spectral, AC+5}!
The quicksilver ooze hits your +5 glaive of the Guard {elec, spectral, AC+5}!
Your spectral weapon shares its damage with you!
Your +5 glaive of the Guard {elec, spectral, AC+5} fades away.
* * * LOW HITPOINT WARNING * * *
The quicksilver ooze misses you. The quicksilver ooze barely misses you.
The rockslime hits you but does no damage.
You are splashed with acid.
You die...

#### #.......####.#...#
##..######.##....##...#.##
#....##.#...#...####.....#
#....#...#.#....#.#......#
#....##.................##
..................#......#
...............§###......#
###..............§J..#...##
####...........§@JJ.......#
#...##.#....#.##JJ...#...##
.....##......##...<......#
.....##..................##
#...###...................#
.....#.............>..#..##
.............##..........##
..<.........####.#........#
..........#.# ##.....##.##


You could see an acid blob, 2 rockslimes and 2 quicksilver oozes.

Vanquished Creatures
  A kraken (Shoals:2)
  9 acid blobs
  A fire giant (Depths:1)
  4 rockslimes
  4 azure jellies
  Kirke (D:12)
  5 emperor scorpions
  An orc warlord (Orc:2)
  2 frost giants (Depths:1)
  2 ghost moths (Spider:4)
  3 spectral caustic shrikes (Depths:1)
  7 quicksilver oozes
  4 stone giants (Depths:1)
  4 broodmothers (Spider:4)
  2 minotaurs
  3 entropy weavers
  The ghost of videwesjr the Severer, a journeyman MiBe of Trog (Lair:2)
  2 merfolk javelineers
  A spark wasp (Spider:1)
  3 merfolk impalers
  3 ettins (Depths:1)
  Josephine (D:11)
  2 fire dragons (Depths:1)
  3 great orbs of eyes
  4 hydras
  2 rakshasas (Depths:1)
  Fannar (D:11)
  5 ice dragons
  Erolcha (D:11)
  An ogre mage (D:15)
  5 two-headed ogres
  4 radroaches
  6 boulder beetles
  8 vault guards (D:14)
  A catoblepas (D:10)
  4 satyrs (Shoals:4)
  2 alligator snapping turtles
  4 centaur warriors
  3 jorogumos
  3 merfolk aquamancers
  2 merfolk avatars
  A deep troll shaman (Depths:1)
  3 deep troll earth magi (Depths:1)
  7 death yaks
  Nergalle (D:12)
  Amaemon (D:11)
  2 iron trolls (Depths:1)
  4 sun moths
  10 pharaoh ants
  11 sea snakes
  12 steelbarb worms
  Pikel (D:5)
  2 glowing orange brains
  3 deep trolls (Depths:1)
  13 orb spiders
  2 large abominations (Gauntlet)
  3 deep elf pyromancers
  6 orc knights
  3 wizards
  18 wolf spiders
  An oklob plant (Lair:3)
  2 shining eyes
  3 ugly things (D:14)
  A deep elf zephyrmancer (D:10)
  19 harpies
  11 orc sorcerers
  The ghost of miserystealer the Grappler, a novice VSTm of Wu Jian (D:7)
  63 slime creatures
  The ghost of BigDaddyOpFi the Covert, a novice OpFi (D:6)
  7 merfolk sirens
  5 moths of wrath
  5 fauns
  7 cyclopes
  Maurice (D:11)
  3 black mambas
  3 water nymphs
  20 manticores
  2 ice statues
  An orange demon (D:11)
  An unseen horror (D:12)
  10 cane toads
  3 gargoyles
  10 komodo dragons
  5 demonic crawlers
  3 rime drakes
  3 torpor snails
  An efreet (D:14)
  2 kobold demonologists (D:11)
  9 meliai
  31 merfolk
  9 trolls
  4 hornets (Lair:5)
  7 wind drakes
  28 tarantellas
  10 polar bears
  24 blink frogs
  7 snapping turtles
  19 dream sheep
  13 spriggans (Lair:5)
  A centaur simulacrum (Gauntlet)
  17 culicivoras
  27 jumping spiders
  A wyvern (Lair:4)
  9 shadows
  A yak (shapeshifter) (D:14)
  5 basilisks
  66 yaks
  A vampire (D:11)
  21 water elementals
  Eustachio (D:4)
  5 golden eyes
  3 hogs (D:12)
  6 wraiths (D:11)
  61 redbacks
  A steam dragon (Lair:1)
  9 wargs
  2 two-headed ogre zombies (D:12)
  2 acid dragons
  14 water moccasins
  30 orc warriors
  An ice beast (D:7)
  2 great orb of eyes simulacra (IceCv)
  3 sky beasts
  An ice dragon simulacrum (Gauntlet)
  4 black bears
  11 ogres
  3 boggarts (Lair:5)
  7 centaurs
  21 wolves
  A lemure (D:5)
  2 slime creature simulacra (IceCv)
  A phantom (D:12)
  15 kobold brigands
  7 bullfrogs
  2 gnoll sergeants
  7 necrophages
  4 scorpions
  3 small abominations (Gauntlet)
  13 wights
  3 troll zombies (D:12)
  A hornet simulacrum (Gauntlet)
  6 killer bees (D:7)
  3 howler monkeys
  2 electric eels
  2 hounds (D:5)
  4 jellies
  2 gnoll boudas
  20 orc priests
  10 iguanas
  52 orc wizards
  Ijyb (D:5)
  2 shapeshifter simulacra (IceCv)
  3 ogre zombies (D:12)
  A boggart simulacrum (Gauntlet)
  18 gnolls
  8 adders
  2 white imps
  2 worms
  5 dart slugs
  124 orcs
  11 ball pythons
  11 endoplasms
  5 giant cockroaches
  14 goblins
  7 hobgoblins
  3 jackals (D:3)
  39 kobolds
  3 quokkas
  5 bats
  3 frilled lizards
  A goblin skeleton (D:12)
  4 goblin zombies (D:12)
  6 hobgoblin zombies (D:12)
  An orc skeleton (D:12)
  11 orc zombies (D:12)
  6 rats
  A bush (Lair:3)
  A tentacle (Shoals:2)
1377 creatures vanquished.

Vanquished Creatures (collateral kills)
  An acid blob (Slime:1)
  A deep elf pyromancer (D:7)
  3 slime creatures (Slime:1)
  An ogre (D:7)
6 creatures vanquished.

Vanquished Creatures (others)
  A minotaur (Shoals:4)
  A human (D:12)
  An orc wizard (Orc:2)
  An orc (D:11)
  A goblin skeleton (D:12)
  An orc zombie (D:12)
  18 fungi
  39 plants
  3 tentacles (Shoals:2)
66 creatures vanquished.

Grand Total: 1449 creatures vanquished

Notes
Turn   | Place    | Note
-------+----------+-------------------------------------------
     0 | D:1      | om the Merfolk Berserker began the quest for the Orb.
     0 | D:1      | Reached XP level 1. HP: 18/18 MP: 1/1
   265 | D:1      | Reached skill level 3 in Dodging
   265 | D:1      | Reached XP level 2. HP: 24/24 MP: 2/2
   375 | D:1      | Reached XP level 3. HP: 29/29 MP: 3/3
   485 | D:1      | Found a faded altar of an unknown god.
   959 | D:1      | Reached skill level 5 in Polearms
  1222 | D:2      | Reached XP level 4. HP: 33/37 MP: 4/4
  1394 | D:2      | Reached ** piety under Trog
  2000 | D:3      | Found an opulent altar of Gozag.
  2405 | D:3      | Found an ancient bone altar of Kikubaaqudgha.
  2462 | D:3      | Found Kew Usue's Antique Weapon Shop.
  2572 | D:3      | Noticed a scorpion
  2586 | D:3      | Killed a scorpion
  2587 | D:3      | Reached skill level 4 in Dodging
  2587 | D:3      | Reached XP level 5. HP: 42/42 MP: 5/5
  3194 | D:3      | Reached XP level 6. HP: 48/48 MP: 6/6
  3634 | D:4      | Noticed Eustachio
  3653 | D:4      | Killed Eustachio
  3654 | D:4      | Reached XP level 7. HP: 54/54 MP: 7/7
  4003 | D:4      | Reached *** piety under Trog
  4234 | D:4      | Identified the +2 hat of Beogh, Hurting {+Blink Dex+5 SInv}
  4279 | D:4      | Found a shimmering altar of Xom.
  4280 | D:4      | Found a stormy altar of Qazlal.
  4286 | D:4      | Found a basalt altar of Yredelemnul.
  4290 | D:4      | Found a bloodstained altar of Trog.
  4624 | D:4      | Found a hide-covered altar of Uskayaw.
  4719 | D:5      | Entered Level 5 of the Dungeon
  4725 | D:5      | Reached skill level 5 in Fighting
  4905 | D:5      | Reached XP level 8. HP: 29/62 MP: 8/8
  5483 | D:5      | Reached skill level 10 in Polearms
  5882 | D:5      | Noticed Ijyb
  5892 | D:5      | Killed Ijyb
  6050 | D:5      | Noticed Pikel
  6078 | D:5      | Killed Pikel
  6079 | D:5      | Reached skill level 5 in Evocations
  6079 | D:5      | Reached XP level 9. HP: 68/68 MP: 9/9
  6491 | D:5      | Found an ornate altar of the Wu Jian Council.
  6832 | D:6      | Found a radiant altar of Vehumet.
  6950 | D:6      | Found a runed translucent gate.
  6952 | D:6      | Found a runed translucent gate.
  6952 | D:6      | Found an opulent altar of Gozag.
  6953 | D:6      | Found a runed translucent gate.
  6954 | D:6      | Noticed BigDaddyOpFi's ghost (novice OpFi)
  6956 | D:6      | Noticed a troll
  6999 | D:6      | Noticed a two-headed ogre
  7011 | D:6      | Killed a two-headed ogre
  7012 | D:6      | Reached skill level 5 in Dodging
  7148 | D:6      | Reached skill level 6 in Dodging
  7397 | D:6      | Found a staircase to the Ecumenical Temple.
  7593 | D:6      | Reached skill level 5 in Armour
  7658 | D:6      | Reached skill level 7 in Dodging
  7836 | D:7      | Reached skill level 8 in Dodging
  7836 | D:7      | Reached XP level 10. HP: 58/74 MP: 10/10
  7942 | D:7      | Reached skill level 9 in Dodging
  7992 | D:7      | Found an iron altar of Okawaru.
  8009 | D:7      | Found a runed translucent door.
  8170 | D:7      | Reached skill level 10 in Dodging
  8187 | D:7      | Found a flagged portal.
  8196 | Bailey   | Entered a bailey
  8438 | Bailey   | Identified the +1 quarterstaff of the Inferno {vamp, rN++
                  | Dex-3}
  8769 | Bailey   | Found a bloodstained altar of Trog.
  8935 | D:7      | Noticed a cyclops
  8935 | D:7      | Noticed miserystealer's ghost (novice VSTm)
  9130 | D:7      | Found a large runed translucent door.
  9130 | D:7      | Found a large runed translucent door.
  9137 | D:7      | Noticed a deep elf pyromancer
  9137 | D:7      | Noticed a deep elf pyromancer
  9137 | D:7      | Found the +5 glaive of the Guard {elec, spectral, AC+5}
  9164 | D:7      | Reached skill level 11 in Dodging
  9198 | D:7      | Found a large runed translucent door.
  9198 | D:7      | Found a large runed translucent door.
  9229 | D:7      | Noticed a seven-headed hydra
  9240 | D:7      | Killed a seven-headed hydra
  9241 | D:7      | Reached skill level 12 in Dodging
  9535 | D:8      | Reached **** piety under Trog
  9540 | D:8      | Reached XP level 11. HP: 81/81 MP: 11/11
  9578 | D:8      | Found a snail-covered altar of Cheibriados.
  9769 | D:7      | Killed a deep elf pyromancer
  9771 | D:7      | Killed a deep elf pyromancer
  9814 | D:7      | Killed miserystealer's ghost
  9817 | D:7      | Killed a cyclops
 10674 | D:9      | Found a staircase to the Lair.
 11195 | D:9      | Found a sacrificial altar of Ru.
 11204 | D:9      | Reached ***** piety under Trog
 11489 | D:10     | Entered Level 10 of the Dungeon
 11529 | D:10     | Noticed an orc sorcerer
 11529 | D:10     | Noticed a deep elf zephyrmancer
 11530 | D:10     | Noticed an orc sorcerer
 11533 | D:10     | Killed an orc sorcerer
 11534 | D:10     | Reached skill level 13 in Dodging
 11537 | D:10     | Killed a deep elf zephyrmancer
 11538 | D:10     | Killed an orc sorcerer
 11590 | D:10     | Noticed a two-headed ogre
 11593 | D:10     | Killed a two-headed ogre
 11596 | D:10     | Reached XP level 12. HP: 46/91 MP: 12/12
 11859 | D:10     | Noticed a catoblepas
 11887 | D:10     | Killed a catoblepas
 12182 | D:10     | Found a glowing silver altar of Zin.
 12187 | D:10     | Identified a scroll of acquirement
 12196 | D:10     | Acquired the amulet of Igierar {Acrobat rN+ Will+ SInv
                  | Stlth+}
 12226 | D:10     | Reached skill level 14 in Dodging
 12567 | D:11     | Noticed a centaur warrior
 12570 | D:11     | Killed a centaur warrior
 12572 | D:11     | Noticed Josephine
 12580 | D:11     | Killed Josephine
 12699 | D:11     | Noticed Maurice
 12706 | D:11     | Killed Maurice
 12707 | D:11     | Reached skill level 15 in Polearms
 12791 | D:11     | Noticed Fannar
 12803 | D:11     | Killed Fannar
 12920 | D:11     | Noticed Amaemon
 12926 | D:11     | Killed Amaemon
 13024 | D:11     | Reached XP level 13. HP: 96/96 MP: 13/13
 13049 | D:11     | Received a gift from Trog
 13122 | D:11     | Noticed Erolcha
 13129 | D:11     | Killed Erolcha
 13316 | D:12     | Reached skill level 1 in Stealth
 13628 | D:6      | Killed BigDaddyOpFi's ghost
 13888 | Lair:1   | Entered Level 1 of the Lair of Beasts
 14004 | Lair:1   | Found a gate leading to a gauntlet.
 14021 | Gauntlet | Entered a Gauntlet
 14021 | Gauntlet | Found a transporter.
 14021 | Gauntlet | Found a transporter.
 14021 | Gauntlet | Found a transporter.
 14025 | Gauntlet | Found a transporter.
 14025 | Gauntlet | Found a transporter.
 14027 | Gauntlet | Found a transporter.
 14031 | Gauntlet | Noticed a balrug
 14039 | Gauntlet | Found a transporter.
 14041 | Gauntlet | Found a transporter.
 14049 | Gauntlet | Found a transporter.
 14058 | Gauntlet | Found a transporter.
 14075 | Gauntlet | Found a transporter.
 14079 | Gauntlet | Found a transporter.
 14451 | Gauntlet | Reached skill level 5 in Stealth
 14600 | Gauntlet | Identified the +1 pair of boots of Minor Irritation {rF++
                  | rC+ Str-4}
 14636 | Gauntlet | Identified the +5 hand axe "Veewk" {freeze, *Rage rCorr
                  | Int+2 Stlth+}
 14637 | Gauntlet | Identified the +2 helmet of Distant Shores {rPois rF+
                  | Str+3}
 14832 | Gauntlet | Noticed a minotaur
 14836 | Gauntlet | Killed a minotaur
 15133 | D:12     | Found a staircase to the Orcish Mines.
 15164 | D:12     | Noticed Kirke
 15166 | D:12     | Identified the +6 halberd of Youthful Indiscretion
                  | {antimagic, rF+ rC+} (Trog gifted it to you on level 12 of
                  | the Dungeon)
 15166 | D:12     | Received a gift from Trog
 15180 | D:12     | Noticed a sphinx
 15181 | D:12     | Killed Kirke
 15181 | D:12     | Reached ****** piety under Trog
 15427 | D:12     | You fall into a shaft and drop 2 floors!
 15746 | D:13     | Found a frozen archway.
 15747 | D:13     | Noticed an ice dragon
 15767 | D:13     | Killed an ice dragon
 15814 | IceCv    | Entered an ice cave
 15952 | IceCv    | Reached skill level 10 in Stealth
 16023 | IceCv    | Reached XP level 14. HP: 103/103 MP: 14/14
 16046 | IceCv    | Noticed a quicksilver ooze
 16052 | IceCv    | Killed a quicksilver ooze
 16077 | IceCv    | Found a viscous altar of Jiyva.
 16077 | IceCv    | Noticed an azure jelly
 16080 | IceCv    | Noticed an azure jelly
 16083 | IceCv    | Killed an azure jelly
 16087 | IceCv    | Killed an azure jelly
 16256 | IceCv    | Got the ring of Uqevisul {rC+ Int+3}
 16535 | D:12     | Noticed Nergalle
 16542 | D:12     | Killed Nergalle
 16759 | Orc:1    | Entered Level 1 of the Orcish Mines
 16771 | Orc:1    | Received a gift from Trog
 16919 | Orc:1    | You fall into a shaft and drop 1 floor!
 16919 | Orc:2    | Entered Level 2 of the Orcish Mines
 16919 | Orc:2    | Found a staircase to the Elven Halls.
 17167 | Orc:2    | Noticed an orc warlord
 17191 | Orc:2    | Killed an orc warlord
 17565 | Orc:2    | Received a gift from Trog
 17640 | Orc:2    | Found Doumn's Jewellery Boutique.
 17640 | Orc:2    | Found Duosius's Antique Armour Emporium.
 17650 | Orc:2    | Reached skill level 15 in Dodging
 17910 | Orc:2    | Found Leakkusiuf's Book Emporium.
 17910 | Orc:2    | Found Zese's Antique Weapon Boutique.
 17921 | Orc:2    | Received a gift from Trog
 18350 | Orc:2    | Bought a faintly humming cloak for 304 gold pieces
 18350 | Orc:2    | Identified the +1 cloak of Omeastrue {Int+7} (You bought it
                  | in a shop on level 2 of the Orcish Mines)
 18350 | Orc:2    | Bought a pair of glowing boots for 240 gold pieces
 18637 | Lair:1   | Identified the +7 chain mail of the Apple {Contam +Inv
                  | Str+2 SInv}
 18676 | Lair:1   | Identified the +4 falchion of the Irksome God {freeze,
                  | Str-5 Dex+7}
 19264 | Lair:2   | Found a staircase to the Shoals.
 19396 | Lair:2   | You fall into a shaft and drop 2 floors!
 19418 | Lair:3   | Received a gift from Trog
 19479 | Lair:3   | Reached XP level 15. HP: 93/113 MP: 15/15
 19882 | Lair:3   | Found a hole to the Spider Nest.
 20498 | Lair:4   | Acquired a manual of Evocations
 20500 | Lair:4   | Acquired a manual of Dodging
 20672 | Lair:4   | Reached skill level 16 in Dodging
 20885 | Lair:4   | Noticed Kyusiynim's ghost (journeyman GnEn)
 20895 | Lair:4   | Found a transporter.
 20933 | Lair:4   | Found a transporter.
 21371 | Lair:4   | Found a bloodstained altar of Trog.
 21525 | Lair:5   | Entered Level 5 of the Lair of Beasts
 21562 | Lair:5   | Reached skill level 10 in Evocations
 21848 | Lair:5   | Reached skill level 17 in Dodging
 21915 | Lair:5   | Found a staircase to the Slime Pits.
 21916 | Lair:5   | Found a viscous altar of Jiyva.
 22400 | Lair:5   | Received a gift from Trog
 22431 | Lair:5   | Reached skill level 18 in Dodging
 23372 | D:14     | Found a gate to the Vaults.
 23394 | D:14     | Reached skill level 19 in Dodging
 23401 | D:14     | Reached XP level 16. HP: 97/120 MP: 16/16
 24408 | D:15     | Entered Level 15 of the Dungeon
 24439 | D:15     | Received a gift from Trog
 24673 | D:15     | Reached skill level 20 in Dodging
 24717 | D:15     | Identified the +10 dagger "Cesus" {vorpal, rPois Will+
                  | Str+2 SInv}
 24873 | D:15     | Found a staircase to the Depths.
 25261 | D:15     | Reached skill level 15 in Evocations
 25430 | Depths:1 | Entered Level 1 of the Depths
 25437 | Depths:1 | Reached skill level 21 in Dodging
 25478 | Depths:1 | Found a glowing golden altar of the Shining One.
 25857 | Depths:1 | Found a one-way gate to the infinite horrors of the Abyss.
 25864 | Depths:1 | Found a runed translucent door.
 25865 | Depths:1 | Noticed a lich
 25865 | Depths:1 | Noticed a tengu reaver
 25866 | Depths:1 | Noticed a titan
 25869 | Depths:1 | Noticed a juggernaut
 25871 | Depths:1 | Noticed a sphinx
 25889 | Depths:1 | Reached skill level 22 in Dodging
 26376 | Depths:1 | Found a gateway to Hell.
 27036 | Spider:1 | Entered Level 1 of the Spider Nest
 27057 | Lair:3   | Received a gift from Trog
 27322 | Shoals:1 | Entered Level 1 of the Shoals
 27491 | Shoals:1 | Reached XP level 17. HP: 123/126 MP: 17/17
 27769 | Shoals:1 | Reached skill level 23 in Dodging
 28748 | Shoals:2 | Received a gift from Trog
 29277 | Shoals:2 | Noticed a kraken
 29289 | Shoals:2 | Killed a kraken
 29739 | Shoals:3 | Reached skill level 10 in Fighting
 30281 | Shoals:3 | Identified the +5 ring mail of Dim Light {Slay+5}
 30399 | Shoals:3 | Found Qacayh's Magic Scroll Boutique.
 30408 | Shoals:3 | Bought a scroll of poison for 68 gold pieces
 30408 | Shoals:3 | Bought a scroll of teleportation for 51 gold pieces
 30408 | Shoals:3 | Bought a scroll of fear for 68 gold pieces
 30408 | Shoals:3 | Bought a scroll of fog for 68 gold pieces
 30408 | Shoals:3 | Bought a scroll of teleportation for 51 gold pieces
 30408 | Shoals:3 | Bought a scroll of fear for 68 gold pieces
 30408 | Shoals:3 | Bought a scroll of teleportation for 51 gold pieces
 30537 | Shoals:4 | Entered Level 4 of the Shoals
 30880 | Shoals:4 | Reached skill level 24 in Dodging
 31449 | Shoals:4 | Identified the ring of the Gloaming {Wiz rN++ SInv}
 31476 | Shoals:4 | Received a gift from Trog
 31649 | Shoals:4 | Identified the +7 shortbow "Xofunoosk" {flame, rC+ Dex+2
                  | Stlth+}
 31654 | Shoals:4 | Reached XP level 18. HP: 111/134 MP: 18/18
 31943 | Shoals:4 | Got a barnacled rune of Zot
 32100 | Lair:2   | Found a runed translucent door.
 32100 | Lair:2   | Noticed videwesjr's ghost (journeyman MiBe)
 32108 | Lair:2   | Killed videwesjr's ghost
 33077 | Spider:1 | Reached skill level 10 in Armour
 33243 | Spider:1 | Received a gift from Trog
 34863 | Spider:2 | Received a gift from Trog
 34992 | Spider:2 | Reached skill level 25 in Dodging
 35470 | Spider:3 | Identified the +10 arbalest of Tenacity {venom, rPois rC-
                  | rCorr Int+4}
 36517 | Spider:4 | Entered Level 4 of the Spider Nest
 36725 | Spider:4 | Reached skill level 1 in Ranged Weapons
 37548 | Spider:4 | Reached XP level 19. HP: 143/143 MP: 19/19
 37906 | Spider:4 | Received a gift from Trog
 38939 | Spider:4 | Reached skill level 5 in Ranged Weapons
 39369 | Spider:4 | Got a gossamer rune of Zot
 39713 | Slime:1  | Entered Level 1 of the Pits of Slime
 40922 | Slime:1  | Identified the +9 halberd of Trog's Anger {vorpal, rF+ rC+
                  | rN+} (Trog gifted it to you on level 1 of the Pits of
                  | Slime)
 40922 | Slime:1  | Received a gift from Trog
 41411 | Slime:4  | Gained mutation: You sometimes lose your temper in combat.
                  | [a shining eye]
 41626 | Slime:5  | Entered Level 5 of the Pits of Slime
 42779 | Slime:5  | Noticed the Royal Jelly
 43108 | Slime:3  | Gained mutation: Your magical capacity is low. (-10% MP) [a
                  | shining eye]
 44186 | Slime:4  | Reached skill level 26 in Dodging
 45396 | Slime:4  | HP: 5/214 [acid (7)]
 45396 | Slime:4  | HP: 1/214 [quicksilver ooze[the Royal Jelly] (4)]
 45397 | Slime:4  | Splashed with acid

Illustrated notes

Levels and vault maps discovered:
D:1:      dpeg_arrival_signposts, layout_basic, shapermc_ecumenical_altar_venn
D:2:      layout_loops_corners
D:3:      layout_basic, mainiacjoe_overflow_alcove_2,
          mainiacjoe_overflow_surrounded_room, serial_shops, shop,
          grunt_ministairs_11, minmay_close_crescents
D:4:      layout_loops_ring, minitemple, kennysheep_little_box, uniq_eustachio
D:5:      layout_basic, mainiacjoe_overflow_alcove_4, serial_rivers,
          chequers_serial_rivers_small_3, chequers_serial_rivers_micro_e,
          chequers_serial_rivers_micro_c, chequers_serial_rivers_micro_d,
          chequers_serial_rivers_micro_c, chequers_serial_rivers_room_a,
          uniq_ijyb, uniq_pikel
D:6:      layout_loops_ring, general_overflow_altar,
          minmay_temple_entry_poolview, ebering_ghost_gozag,
          lexackson_kobold_supper
D:7:      layout_rooms, kennysheep_okawaru_gauntlet, enter_bailey_5,
          ebering_ghost_inner_flame, minmay_hollow_rounded_squares
D:8:      layout_cave_pods, mainiacjoe_overflow_24_doors
D:9:      layout_loops_cross, nicolae_overflow_crystal_walls, dpeg_oklobed_lair
D:10:     minmay_the_grid_3x2 [minmay_the_grid_eight, minmay_the_grid_paths,
          minmay_the_grid_box_x, minmay_the_grid_expand,
          minmay_the_grid_tri_star, minmay_the_grid_prize_big_room],
          layout_cave_pools, mainiacjoe_overflow_catwalk
D:11:     layout_loops_ring, uniq_erolcha, uniq_josephine, uniq_maurice,
          uniq_amaemon, uniq_fannar
D:12:     layout_loops_ring, zombieorc2_lemuel, hangedman_abyss_or_decor_clamps,
          uniq_nergalle, uniq_kirke
D:13:     layout_rooms, portal_ice_cave_entry_animals_and_master,
          grunt_ministairs_3, minmay_misc_feat_pillars
D:14:     layout_basic, erik_vaults_2, grunt_decor_mini_mirrors
D:15:     grunt_enter_depths_hoard, layout_cave_pods,
          chequers_serial_rivers_micro_d
Lair:1:   layout_gridlike, gauntlet_entry_generic, chequers_serial_rivers_marsh,
          serial_bayou_pond_a, serial_bayou_shore_b, grunt_megastairs_1
Lair:2:   beast_lair_carwin_large_2, layout_loops_ring,
          elwin_shoals_entry_stream, gammafunk_ghost_grave
Lair:3:   layout_chaotic_city, nicolae_spider_entry_orb_guardian,
          minmay_lair_oklob_bushes, lemuel_fruit_fields, serial_bayou_shore_b
Lair:4:   layout_cave_pods, gammafunk_ghost_wrathful_warriors,
          roderic_carrion_pond, lemuel_fruit_tree, serial_bayou_shore_a
Lair:5:   minmay_lair_end_enchanted_forest, layout_cave_pods,
          nicolae_slime_entry_slimehenge, st_stairs_10
Shoals:1: layout_shoals, nicolae_shoals_seven_spires
Shoals:2: layout_shoals, nicolae_shoals_water_elemental_grotto
Shoals:3: layout_shoals, serial_shops, nicolae_shop_statue_plus
Shoals:4: shoals_end_hellmonk_lost_city
Spider:1: layout_cave_pods, nicolae_spider_nook
Spider:2: layout_spider_delve
Spider:3: layout_cave_pods, drop_trap
Spider:4: hellmonk_spider_rune_endless_swarm, drop_trap,
          nicolae_spider_spiderdrome
Slime:1:  layout_caves
Slime:2:  layout_caves
Slime:3:  layout_caves
Slime:4:  layout_caves, cheibrodos_slime_lost_civilization_5
Slime:5
Orc:1:    layout_caves, basic_altar
Orc:2:    st_orc_town, layout_caves
Depths:1: layout_cross, chequers_serial_rivers_micro_d,
          abyss_entry_small_statue_room, pf_hell_entry_tar_river,
          grunt_ministairs_5, hangedman_abyss_or_decor_passed, st_stairs_8,
          minmay_st_funbox, tso_altar, firewood_loft

Skill      XL: |  1  2  3  4  5  6  7  8  9 10 11 12 13 14 15 16 17 18 19 |
---------------+----------------------------------------------------------+-----
Dodging        | 3 4 8 12 13 14 15 19 22 24 25 26 | 26.0
Polearms       | 5 6 7 8 11 12 13 16 18 19 20 21 22 | 22.9
Armour         | 2 3 4 5 6 7 8 9 10 11 | 11.3
Fighting       | 4 5 6 7 9 10 11 | 11.0
Evocations     | 5 8 14 15 | 15.0
Stealth        | 10 11 12 | 12.4
Ranged Weapons | 2 7 |  7.2

Action                   |  1- 3 |  4- 6 |  7- 9 | 10-12 | 13-15 | 16-18 | 19-21 || total
-------------------------+-------+-------+-------+-------+-------+-------+-------++-------
Melee: Spear             |    90 |   235 |   347 |   287 |       |       |       ||   959
       Punch             |       |     2 |     4 |     1 |       |       |     1 ||     8
       Tailslap          |       |       |       |     2 |     1 |    23 |     1 ||    27
       Glaive            |       |       |       |   193 |   776 |   914 |   290 ||  2173
       Bardiche          |       |       |       |       |    24 |       |       ||    24
       Whip              |       |       |       |       |     1 |     5 |       ||     6
       Demon trident     |       |       |       |       |       |     8 |    56 ||    64
 Fire: Arbalest          |       |       |       |       |       |    77 |    93 ||   170
Throw: Throwing net      |       |       |       |       |       |       |     1 ||     1
Invok: Berserk           |     3 |     4 |    16 |    15 |     6 |     4 |     4 ||    52
       Trog's Hand       |       |     1 |       |     2 |       |       |       ||     3
       Brothers in Arms  |       |       |       |     1 |       |       |       ||     1
Evoke: Wand              |       |       |       |       |       |     9 |     1 ||    10
       Box of beasts     |       |       |       |       |       |       |     1 ||     1
  Use: Scroll            |       |     6 |     5 |    12 |    11 |     1 |     4 ||    39
       Potion            |       |     1 |       |     1 |     2 |     5 |     6 ||    15
 Stab: Distracted        |       |       |       |     5 |    20 |    30 |     7 ||    62
       Sleeping          |       |       |       |       |    19 |    22 |     2 ||    43
Armor: Scale mail        |    23 |    43 |    50 |       |    59 |       |       ||   175
       Skin              |       |    91 |       |       |       |       |       ||    91
       Ring mail         |       |       |     9 |    64 |     3 |       |       ||    76
       Chain mail        |       |       |       |       |   107 |   237 |   256 ||   600
Dodge: Dodged            |    41 |    85 |   101 |   312 |   446 |   738 |   483 ||  2206
